Canucks vs Islanders

Created - 1 mars 2018 at 20:04

Goals
1 2 3 OT1 SO T
Canucks 2 0 0 0 3 3
Islanders 0 0 2 0 2 2
Shots
1 2 3 OT1 SO T
Canucks 18 16 12 2 6 48
Islanders 13 8 7 1 6 29

1st period

1. Canucks , Blake Wheeler 30 (James van Riemsdyk 18, Erik Johnson 16) at 1:54
2. Canucks , Derek Ryan 9 (Tom Pyatt 7, Peter Budaj) at 12:29

Penalties :
No Penalty

2nd period

No Goal

Penalties :
No Penalty

3rd period

3. Islanders , Brandon Saad 17 (James Neal 18) at 1:05 (PP)
4. Islanders , Alex Goligoski 3 (Vladimir Tarasenko 26, Kyle Palmieri 20) at 19:18

Penalties :
Alex Tuch (VAN) for Hooking (Minor) at 0:32, Johnny Oduya (VAN) for Hooking (Minor) at 11:29

Overtime #1

No Goal

Penalties :
No Penalty

Shootout

Penalty Shot by Tom Pyatt for Canucks - Goal!
Penalty Shot by Nicklas Backstrom for Islanders - Shot Misses the Net
Penalty Shot by Blake Wheeler for Canucks - Stopped by Keith Kinkaid
Penalty Shot by Vladimir Tarasenko for Islanders - Goal!
Penalty Shot by James van Riemsdyk for Canucks - Stopped by Keith Kinkaid
Penalty Shot by Kyle Palmieri for Islanders - Stopped by Peter Budaj
Penalty Shot by Mika Zibanejad for Canucks - Stopped by Keith Kinkaid
Penalty Shot by James Neal for Islanders - Shot Misses the Net
Penalty Shot by Gustav Nyquist for Canucks - Goal!
Penalty Shot by Brandon Saad for Islanders - Goal!
Penalty Shot by Thomas Hickey for Canucks - Goal!
Penalty Shot by Tyler Bozak for Islanders - Stopped by Peter Budaj

Penalties :
No Penalty

Goalie Stats

Peter Budaj (VAN), 27 saves from 29 shots - (0,931), W, 21-18-5, 65:00 minutes
Keith Kinkaid (NYI), 46 saves from 48 shots - (0,958), OTL, 2-3-3, 64:56 minutes

Players Stats for Canucks

Player Name              G  A  P  +/- PIM S  H  SB GA TA FO     MP     PP MP  PK MP  
------------------------------------------------------------------------------------
Alex Tuch                0  0  0   0  2   0  2  0  2  0  0/1    17:43   0:00   0:00 
Blake Wheeler            1  0  1   2  0   10 0  1  1  1  1/1    21:05   0:00   0:23 
Brandon Sutter           0  0  0  -1  0   4  2  0  0  0  4/8    14:10   0:00   1:32 
Charles McAvoy           0  0  0   1  0   1  0  1  0  1  0/0    14:35   0:00   0:08 
Dan Hamhuis              0  0  0   0  0   1  2  1  0  0  0/0    23:08   0:00   1:12 
Derek Ryan               1  0  1   0  0   4  1  0  0  0  2/4     9:52   0:00   0:00 
Erik Johnson             0  1  1   0  0   1  3  1  0  0  0/0    27:05   0:00   1:20 
Gustav Nyquist           0  0  0   0  0   5  2  0  0  1  0/1    18:45   0:00   0:00 
James van Riemsdyk       0  1  1   2  0   1  3  0  1  0  1/1    20:37   0:00   0:02 
Johnny Oduya             0  0  0   0  2   1  0  1  0  0  0/0    22:23   0:00   0:00 
Jordan Martinook         0  0  0  -1  0   3  0  0  0  0  0/0    11:33   0:00   0:20 
Matt Calvert             0  0  0   0  0   0  1  0  0  0  0/0    12:29   0:00   1:32 
Mika Zibanejad           0  0  0   0  0   6  4  0  2  0  10/28  19:08   0:00   0:00 
Oscar Klefbom            0  0  0   0  0   2  1  1  1  3  0/0    24:24   0:00   0:42 
Pierre-Edouard Bellemare 0  0  0   0  0   0  1  0  0  0  0/0    10:44   0:00   0:52 
Ryan Getzlaf             0  0  0   1  0   8  4  1  0  0  8/17   21:02   0:00   0:00 
Thomas Hickey            0  0  0   1  0   1  2  1  1  1  0/0    13:26   0:00   1:42 
Tom Pyatt                0  1  1   0  0   0  1  0  0  0  0/0    10:17   0:00   0:23 

Players Stats for Islanders

Player Name              G  A  P  +/- PIM S  H  SB GA TA FO     MP     PP MP  PK MP  
------------------------------------------------------------------------------------
Alex Goligoski           1  0  1   1  0   1  0  1  0  0  0/0    24:11   1:11   0:00 
Brandon Saad             1  0  1  -1  0   5  1  0  1  1  1/3    20:46   0:18   0:00 
Chris Mueller            0  0  0   0  0   1  0  0  0  0  1/2     8:40   0:00   0:00 
Cole Schneider           0  0  0   0  0   0  0  0  0  0  0/0     8:40   0:00   0:00 
Jake Gardiner            0  0  0  -1  0   0  0  2  0  0  0/0    21:05   1:21   0:00 
James Neal               0  1  1  -1  0   10 2  0  0  0  2/3    20:55   0:18   0:00 
Jesper Fast              0  0  0  -1  0   0  1  0  0  0  0/0    13:54   0:48   0:00 
Karl Alzner              0  0  0   1  0   0  1  1  0  3  0/0    23:20   1:11   0:00 
Kyle Palmieri            0  1  1   1  0   2  0  1  1  0  1/1    19:33   1:26   0:00 
Matt Dumba               0  0  0  -1  0   0  0  0  0  2  0/0    18:26   0:00   0:00 
Mikhail Grigorenko       0  0  0  -1  0   1  0  1  0  1  0/1    13:58   0:48   0:00 
Nicklas Backstrom        0  0  0   1  0   0  2  0  0  0  16/23  19:49   1:26   0:00 
Radek Faksa              0  0  0  -1  0   0  0  1  0  0  11/20  20:38   0:18   0:00 
Ryan Murray              0  0  0  -1  0   0  0  3  0  0  0/0    18:26   0:00   0:00 
Timo Meier               0  0  0   0  0   1  1  0  1  0  0/0     8:53   0:13   0:00 
Tyler Bozak              0  0  0  -1  0   4  1  0  3  1  3/7    14:21   0:35   0:00 
Vladimir Tarasenko       0  1  1   1  0   3  2  0  1  0  0/1    19:53   1:26   0:00 
Will Butcher             0  0  0  -1  0   1  3  0  0  0  0/0    19:32   1:21   0:00 

3 Stars

1 - Keith Kinkaid (NYI)
2 - Blake Wheeler (VAN)
3 - James van Riemsdyk (VAN)

Power Play

Canucks - 0 on 0 Attempt(s) - 0,00%
Islanders - 1 on 2 Attempt(s) - 50,00%

Penalty Kill

Canucks - 1 on 2 Attempt(s) - 50,00% - Score 0 goal in Penalty Kill
Islanders - 0 on 0 Attempt(s) - 0,00% - Score 0 goal in Penalty Kill

Team Stat

Canucks - Hits : 29 - Faceoff Wins : 26 - Blocked Shots : 8 - Penalty Minutes : 4
Islanders - Hits : 14 - Faceoff Wins : 35 - Blocked Shots : 10 - Penalty Minutes : 0

Official

Referees : Tom Kowal and Wes McCauley
Linesman : Andy McElman and Jonny Murray

Game Notes

No Game Note

Finance

Level 1 -- Attendance: 4443 (74,05%) -- Ticket Income 444 300 $
Level 2 -- Attendance: 4500 (90,00%) -- Ticket Income 270 000 $
Level 3 -- Attendance: 1771 (88,55%) -- Ticket Income 61 985 $
Level 4 -- Attendance: 3962 (99,05%) -- Ticket Income 79 240 $
Luxury Box -- Attendance: 716 (71,60%) -- Ticket Income 143 200 $
Game was played at the Long Island Arena.
Total Attendance: 15392 (85,51%)
Total Ticket Income: 998 725 $
Other Income: 489 375 $
Total Income: 1 488 100 $

Canucks

5 vs 5 Forward 
   Center                   Left Wing                Right Wing               Time % Phy DF OF 
 1 Ryan Getzlaf             James van Riemsdyk       Blake Wheeler            35     0   0  5  
 2 Mika Zibanejad           Gustav Nyquist           Alex Tuch                35     1   2  2  
 3 Brandon Sutter           Jordan Martinook         Matt Calvert             20     1   4  0  
 4 Derek Ryan               Pierre-Edouard Bellemare Tom Pyatt                10     1   2  2  

5 vs 5 Defense 
   Defense                  Defense                                           Time % Phy DF OF 
 1 Oscar Klefbom            Erik Johnson                                      40     1   4  0  
 2 Dan Hamhuis              Johnny Oduya                                      30     1   4  0  
 3 Charles McAvoy           Thomas Hickey                                     20     1   4  0  
 4 Dan Hamhuis              Johnny Oduya                                      10     1   4  0  

PowerPlay Forward 
   Center                   Left Wing                Right Wing               Time % Phy DF OF 
 1 Ryan Getzlaf             Mika Zibanejad           Blake Wheeler            80     1   0  4  
 2 Derek Ryan               James van Riemsdyk       Gustav Nyquist           20     1   2  2  

PowerPlay Defense
   Defense                  Defense                                           Time % Phy DF OF 
 1 Charles McAvoy           Oscar Klefbom                                     80     0   0  5  
 2 Dan Hamhuis              Johnny Oduya                                      20     1   2  2  

Penalty Kill 4 Players Forward 
   Center                   Wing                     Time % Phy DF OF 
 1 Brandon Sutter           Matt Calvert             60     1   4  0  
 2 Jordan Martinook         Pierre-Edouard Bellemare 40     1   4  0  

Penalty Kill 4 Players Defense
   Defense                  Defense                  Time % Phy DF OF 
 1 Erik Johnson             Thomas Hickey            60     1   4  0  
 2 Dan Hamhuis              Johnny Oduya             40     1   4  0  

Penalty Kill - 3 Players Forward 
   Forward                                           Time % Phy DF OF 
 1 Brandon Sutter                                    60     1   2  2  
 2 Tom Pyatt                                         40     1   2  2  

Penalty Kill - 3 Players Defense
   Defense                  Defense                  Time % Phy DF OF 
 1 Erik Johnson             Thomas Hickey            60     1   2  2  
 2 Dan Hamhuis              Johnny Oduya             40     1   2  2  

4 vs 4 Forward 
   Center                   Wing                     Time % Phy DF OF 
 1 Mika Zibanejad           Blake Wheeler            50     1   2  2  
 2 Ryan Getzlaf             Alex Tuch                50     1   2  2  

4 vs 4 Defense
   Defense                  Defense                  Time % Phy DF OF 
 1 Charles McAvoy           Erik Johnson             50     1   2  2  
 2 Dan Hamhuis              Johnny Oduya             50     1   2  2  

Last Minutes Offensive
   Center                   Left Wing                Right Wing               Defense                  Defense                  
   Ryan Getzlaf             James van Riemsdyk       Blake Wheeler            Charles McAvoy           Erik Johnson             

Last Minutes Defensive
   Center                   Left Wing                Right Wing               Defense                  Defense                  
   Ryan Getzlaf             Jordan Martinook         Brandon Sutter           Charles McAvoy           Erik Johnson             

Goaltenders
Starting : Peter Budaj              
Backup : Ben Bishop               

Extra Forwards
Normal : Alex Tuch, Derek Ryan, Pierre-Edouard Bellemare - PP : Alex Tuch, Derek Ryan - PK : Pierre-Edouard Bellemare
Extra Defensemen
Normal : Charles McAvoy, Thomas Hickey, Erik Johnson - PP : Charles McAvoy - PK : Thomas Hickey, Oscar Klefbom
Penalty Shots
Tom Pyatt, Blake Wheeler, James van Riemsdyk, Mika Zibanejad, Gustav Nyquist
Custom OT Lines Forwards
Mika Zibanejad, Blake Wheeler, James van Riemsdyk, Ryan Getzlaf, Gustav Nyquist, Brandon Sutter, Alex Tuch, Derek Ryan, Pierre-Edouard Bellemare, Matt Calvert
Custom OT Lines Defensemen
Erik Johnson, Charles McAvoy, Oscar Klefbom, Dan Hamhuis, Thomas Hickey

Scratches
Mark Streit (Healthy), Alex Petrovic (Healthy), Eric Gryba (Healthy)

Islanders

5 vs 5 Forward 
   Center                   Left Wing                Right Wing               Time % Phy DF OF 
 1 Nicklas Backstrom        Kyle Palmieri            Vladimir Tarasenko       35     0   2  3  
 2 Radek Faksa              James Neal               Brandon Saad             35     0   2  3  
 3 Tyler Bozak              Jesper Fast              Mikhail Grigorenko       25     0   2  3  
 4 Chris Mueller            Timo Meier               Cole Schneider           5      0   3  2  

5 vs 5 Defense 
   Defense                  Defense                                           Time % Phy DF OF 
 1 Alex Goligoski           Karl Alzner                                       33     0   3  2  
 2 Jake Gardiner            Will Butcher                                      33     0   3  2  
 3 Matt Dumba               Ryan Murray                                       29     0   3  2  
 4 Alex Goligoski           Karl Alzner                                       5      1   2  2  

PowerPlay Forward 
   Center                   Left Wing                Right Wing               Time % Phy DF OF 
 1 Nicklas Backstrom        Kyle Palmieri            Vladimir Tarasenko       50     0   1  4  
 2 Radek Faksa              James Neal               Brandon Saad             50     0   1  4  

PowerPlay Defense
   Defense                  Defense                                           Time % Phy DF OF 
 1 Alex Goligoski           Karl Alzner                                       50     0   2  3  
 2 Jake Gardiner            Will Butcher                                      50     0   2  3  

Penalty Kill 4 Players Forward 
   Center                   Wing                     Time % Phy DF OF 
 1 Radek Faksa              Jesper Fast              60     0   4  1  
 2 Mikhail Grigorenko       Kyle Palmieri            40     0   4  1  

Penalty Kill 4 Players Defense
   Defense                  Defense                  Time % Phy DF OF 
 1 Alex Goligoski           Karl Alzner              60     0   5  0  
 2 Jake Gardiner            Will Butcher             40     0   5  0  

Penalty Kill - 3 Players Forward 
   Forward                                           Time % Phy DF OF 
 1 Radek Faksa                                       50     0   4  1  
 2 Jesper Fast                                       50     0   4  1  

Penalty Kill - 3 Players Defense
   Defense                  Defense                  Time % Phy DF OF 
 1 Alex Goligoski           Karl Alzner              60     0   5  0  
 2 Jake Gardiner            Will Butcher             40     0   5  0  

4 vs 4 Forward 
   Center                   Wing                     Time % Phy DF OF 
 1 Nicklas Backstrom        Vladimir Tarasenko       60     1   2  2  
 2 Kyle Palmieri            James Neal               40     1   2  2  

4 vs 4 Defense
   Defense                  Defense                  Time % Phy DF OF 
 1 Alex Goligoski           Karl Alzner              60     1   2  2  
 2 Jake Gardiner            Will Butcher             40     1   2  2  

Last Minutes Offensive
   Center                   Left Wing                Right Wing               Defense                  Defense                  
   Nicklas Backstrom        Kyle Palmieri            Vladimir Tarasenko       Alex Goligoski           Karl Alzner              

Last Minutes Defensive
   Center                   Left Wing                Right Wing               Defense                  Defense                  
   Nicklas Backstrom        Kyle Palmieri            Vladimir Tarasenko       Alex Goligoski           Karl Alzner              

Goaltenders
Starting : Keith Kinkaid            
Backup : Corey Crawford           

Extra Forwards
Normal : Tyler Bozak, Jesper Fast, Mikhail Grigorenko - PP : Tyler Bozak, Jesper Fast - PK : Mikhail Grigorenko
Extra Defensemen
Normal : Matt Dumba, Ryan Murray, Jake Gardiner - PP : Matt Dumba - PK : Ryan Murray, Jake Gardiner
Penalty Shots
Nicklas Backstrom, Vladimir Tarasenko, Kyle Palmieri, James Neal, Brandon Saad
Custom OT Lines Forwards
Nicklas Backstrom, Vladimir Tarasenko, Kyle Palmieri, James Neal, Brandon Saad, Radek Faksa, Tyler Bozak, Jesper Fast, Mikhail Grigorenko, Chris Mueller
Custom OT Lines Defensemen
Alex Goligoski, Karl Alzner, Jake Gardiner, Will Butcher, Matt Dumba

Scratches
Colin Greening (Healthy), Jordie Benn (Healthy), Al Montoya (Healthy)

% Time on Ice - Canucks

Lines # - Real PCT - Wanted PCT - Time Play
Normal Forward
1 - 33% - 35% - 19:07
2 - 30% - 35% - 17:16
3 - 19% - 20% - 10:57
4 - 17% - 10% - 9:52
Normal Defense
1 - 40% - 40% - 23:04
2 - 29% - 30% - 16:36
3 - 21% - 20% - 11:44
4 - 10% - 10% - 5:48
PP Forward
1 - 0% - 80%
2 - 0% - 20%
PP Defense
1 - 0% - 80%
2 - 0% - 20%
PK Forward
1 - 87% - 60% - 2:12
2 - 13% - 40% - 0:20
PK Defense
1 - 47% - 60% - 1:12
2 - 53% - 40% - 1:20
PK3 Forward
1 - 0% - 60%
2 - 0% - 40%
PK3 Defense
1 - 0% - 60%
2 - 0% - 40%
44 Forward
1 - 0% - 50%
2 - 0% - 50%
44 Defense
1 - 0% - 50%
2 - 0% - 50%
Last Minute Offensive  - 0:00
Last Minute Defensive  - 0:16
Total
Forward - 60:00
Defense - 60:00

% Time on Ice - Islanders

Lines # - Real PCT - Wanted PCT - Time Play
Normal Forward
1 - 29% - 35% - 16:19
2 - 34% - 35% - 19:16
3 - 23% - 25% - 12:57
4 - 15% - 5% - 8:40
Normal Defense
1 - 32% - 33% - 18:11
2 - 32% - 33% - 18:11
3 - 32% - 29% - 18:26
4 - 4% - 5% - 2:24
PP Forward
1 - 88% - 50% - 2:14
2 - 12% - 50% - 0:18
PP Defense
1 - 47% - 50% - 1:11
2 - 53% - 50% - 1:21
PK Forward
1 - 0% - 60%
2 - 0% - 40%
PK Defense
1 - 0% - 60%
2 - 0% - 40%
PK3 Forward
1 - 0% - 50%
2 - 0% - 50%
PK3 Defense
1 - 0% - 60%
2 - 0% - 40%
44 Forward
1 - 0% - 60%
2 - 0% - 40%
44 Defense
1 - 0% - 60%
2 - 0% - 40%
Last Minute Offensive  - 0:16
Last Minute Defensive  - 0:00
Total
Forward - 60:00
Defense - 60:00

Play by Play

1st period


0:01 of 1st period - Nicklas Backstrom wins face-off versus Ryan Getzlaf in neutral zone.
0:06 of 1st period - Slapshot by Ryan Getzlaf.
0:06 of 1st period - Stopped by Keith Kinkaid with a rebound.
0:52 of 1st period - Will Butcher is hit by Brandon Sutter and loses puck.
1:21 of 1st period - Slapshot by Oscar Klefbom.
1:21 of 1st period - Shot Misses the Net.
1:50 of 1st period - Snap shot by Blake Wheeler.
1:50 of 1st period - Stopped by Keith Kinkaid with a rebound.
1:52 of 1st period - Snap shot by Blake Wheeler.
1:52 of 1st period - Stopped by Keith Kinkaid with a rebound.
1:54 of 1st period - Wrist shot by Blake Wheeler.
1:54 of 1st period - Goal by Blake Wheeler - Canucks : 1 - Islanders : 0.
1:55 of 1st period - Mika Zibanejad wins face-off versus James Neal in neutral zone.
2:19 of 1st period - Icing by Johnny Oduya.
2:20 of 1st period - Brandon Sutter wins face-off versus Tyler Bozak in Canucks zone.
3:08 of 1st period - Wrist shot by James Neal.
3:08 of 1st period - Stopped by Peter Budaj without a rebound.
3:09 of 1st period - Radek Faksa wins face-off versus Alex Tuch in Canucks zone.
3:12 of 1st period - Wrist shot by Brandon Saad.
3:12 of 1st period - Shot Blocked by Charles McAvoy.
3:14 of 1st period - Wrist shot by Brandon Saad.
3:14 of 1st period - Stopped by Peter Budaj without a rebound.
3:15 of 1st period - James van Riemsdyk wins face-off versus Radek Faksa in Canucks zone.
3:56 of 1st period - Snap shot by James Neal.
3:56 of 1st period - Stopped by Peter Budaj without a rebound.
3:57 of 1st period - Derek Ryan wins face-off versus Tyler Bozak in Canucks zone.
4:11 of 1st period - Off-side.
4:12 of 1st period - Brandon Sutter wins face-off versus Nicklas Backstrom in neutral zone.
4:15 of 1st period - Snap shot by Brandon Sutter.
4:15 of 1st period - Shot Misses the Net.
5:06 of 1st period - Snap shot by Gustav Nyquist.
5:06 of 1st period - Stopped by Keith Kinkaid with a rebound.
5:18 of 1st period - Wrist shot by Brandon Sutter.
5:18 of 1st period - Stopped by Keith Kinkaid with a rebound.
5:26 of 1st period - James Neal is hit by Matt Calvert and loses puck.
5:39 of 1st period - Slapshot by James Neal.
5:39 of 1st period - Stopped by Peter Budaj without a rebound.
5:40 of 1st period - Nicklas Backstrom wins face-off versus Derek Ryan in Canucks zone.
5:57 of 1st period - Wrist shot by Kyle Palmieri.
5:57 of 1st period - Stopped by Peter Budaj without a rebound.
5:58 of 1st period - Tyler Bozak wins face-off versus Mika Zibanejad in Canucks zone.
6:25 of 1st period - Karl Alzner is hit by Ryan Getzlaf and loses puck.
6:52 of 1st period - Wrist shot by Jordan Martinook.
6:52 of 1st period - Stopped by Keith Kinkaid with a rebound.
7:31 of 1st period - Slapshot by Tyler Bozak.
7:31 of 1st period - Stopped by Peter Budaj with a rebound.
7:33 of 1st period - Snap shot by Will Butcher.
7:33 of 1st period - Stopped by Peter Budaj without a rebound.
7:34 of 1st period - Nicklas Backstrom wins face-off versus Ryan Getzlaf in Canucks zone.
7:37 of 1st period - Snap shot by Kyle Palmieri.
7:37 of 1st period - Stopped by Peter Budaj with a rebound.
7:41 of 1st period - Slapshot by Vladimir Tarasenko.
7:41 of 1st period - Shot Blocked by Blake Wheeler.
8:01 of 1st period - Erik Johnson is hit by Will Butcher and loses puck.
8:50 of 1st period - Snap shot by Vladimir Tarasenko.
8:50 of 1st period - Stopped by Peter Budaj with a rebound.
9:30 of 1st period - Snap shot by Vladimir Tarasenko.
9:30 of 1st period - Shot Blocked by Oscar Klefbom.
9:32 of 1st period - Snap shot by Kyle Palmieri.
9:32 of 1st period - Shot Misses the Net.
9:34 of 1st period - Slapshot by Will Butcher.
9:34 of 1st period - Shot Blocked by Ryan Getzlaf.
9:36 of 1st period - Wrist shot by Will Butcher.
9:36 of 1st period - Shot Misses the Net.
9:38 of 1st period - Snap shot by Kyle Palmieri.
9:38 of 1st period - Deflect By Vladimir Tarasenko.
9:38 of 1st period - Stopped by Peter Budaj without a rebound.
9:39 of 1st period - Mika Zibanejad wins face-off versus Mikhail Grigorenko in Canucks zone.
9:52 of 1st period - Wrist shot by Gustav Nyquist.
9:52 of 1st period - Deflect By Jesper Fast.
9:52 of 1st period - Shot Misses the Net.
9:52 of 1st period - Puck is out of play.
9:53 of 1st period - Radek Faksa wins face-off versus Mika Zibanejad in Islanders zone.
9:53 of 1st period - Radek Faksa is hit by Thomas Hickey.
10:03 of 1st period - Snap shot by Mika Zibanejad.
10:03 of 1st period - Stopped by Keith Kinkaid with a rebound.
10:05 of 1st period - Slapshot by Charles McAvoy.
10:05 of 1st period - Stopped by Keith Kinkaid without a rebound.
10:06 of 1st period - Radek Faksa wins face-off versus Mika Zibanejad in Islanders zone.
10:06 of 1st period - Radek Faksa is hit by Alex Tuch.
10:58 of 1st period - Snap shot by Derek Ryan.
10:58 of 1st period - Stopped by Keith Kinkaid with a rebound.
11:00 of 1st period - Snap shot by Pierre-Edouard Bellemare.
11:00 of 1st period - Shot Misses the Net.
11:18 of 1st period - Slapshot by James Neal.
11:18 of 1st period - Shot Misses the Net.
11:22 of 1st period - Wrist shot by James Neal.
11:22 of 1st period - Stopped by Peter Budaj without a rebound.
11:23 of 1st period - Tyler Bozak wins face-off versus Brandon Sutter in Canucks zone.
12:29 of 1st period - Wrist shot by Derek Ryan.
12:29 of 1st period - Goal by Derek Ryan - Canucks : 2 - Islanders : 0.
12:30 of 1st period - Radek Faksa wins face-off versus Mika Zibanejad in neutral zone.
12:59 of 1st period - Snap shot by Dan Hamhuis.
12:59 of 1st period - Deflect By Brandon Sutter.
12:59 of 1st period - Stopped by Keith Kinkaid with a rebound.
13:17 of 1st period - Snap shot by Blake Wheeler.
13:17 of 1st period - Stopped by Keith Kinkaid without a rebound.
13:18 of 1st period - Nicklas Backstrom wins face-off versus Ryan Getzlaf in Islanders zone.
13:18 of 1st period - Nicklas Backstrom is hit by James van Riemsdyk.
14:27 of 1st period - Wrist shot by Derek Ryan.
14:27 of 1st period - Stopped by Keith Kinkaid with a rebound.
14:32 of 1st period - Off-side.
14:33 of 1st period - Mika Zibanejad wins face-off versus Radek Faksa in neutral zone.
15:02 of 1st period - Backhand shot by Brandon Sutter.
15:02 of 1st period - Shot Misses the Net.
15:04 of 1st period - Wrist shot by Brandon Sutter.
15:04 of 1st period - Shot Blocked by Jake Gardiner.
15:06 of 1st period - Snap shot by Brandon Sutter.
15:06 of 1st period - Shot Misses the Net.
16:06 of 1st period - Wrist shot by Nicklas Backstrom.
16:06 of 1st period - Shot Blocked by Johnny Oduya.
16:14 of 1st period - Snap shot by Mika Zibanejad.
16:14 of 1st period - Stopped by Keith Kinkaid with a rebound.
16:16 of 1st period - Slapshot by Mika Zibanejad.
16:16 of 1st period - Stopped by Keith Kinkaid with a rebound.
16:34 of 1st period - Snap shot by Tyler Bozak.
16:34 of 1st period - Stopped by Peter Budaj with a rebound.
16:36 of 1st period - Snap shot by Mikhail Grigorenko.
16:36 of 1st period - Stopped by Peter Budaj with a rebound.
16:38 of 1st period - Wrist shot by Mikhail Grigorenko.
16:38 of 1st period - Shot Misses the Net.
17:34 of 1st period - Wrist shot by Gustav Nyquist.
17:34 of 1st period - Shot Blocked by Ryan Murray.
17:36 of 1st period - Slapshot by Oscar Klefbom.
17:36 of 1st period - Stopped by Keith Kinkaid with a rebound.
18:41 of 1st period - Mikhail Grigorenko is hit by Alex Tuch and loses puck.
18:56 of 1st period - Karl Alzner is hit by Brandon Sutter.
19:02 of 1st period - Wrist shot by Brandon Sutter.
19:02 of 1st period - Stopped by Keith Kinkaid with a rebound.
19:04 of 1st period - Slapshot by Thomas Hickey.
19:04 of 1st period - Deflect By Brandon Sutter.
19:04 of 1st period - Shot Blocked by Alex Goligoski.
19:04 of 1st period - Puck is out of play.
19:05 of 1st period - Chris Mueller wins face-off versus Gustav Nyquist in Islanders zone.
19:05 of 1st period - Chris Mueller is hit by Thomas Hickey.
19:56 of 1st period - Nicklas Backstrom is hit by Erik Johnson and loses puck.
Goals for this period are 2 for Canucks vs 0 for Islanders.
Shots for this period are 18 for Canucks vs 13 for Islanders.

2nd period


0:01 of 2nd period - Nicklas Backstrom wins face-off versus Mika Zibanejad in neutral zone.
0:04 of 2nd period - Wrist shot by Vladimir Tarasenko.
0:04 of 2nd period - Deflect By Nicklas Backstrom.
0:04 of 2nd period - Shot Misses the Net.
0:04 of 2nd period - Puck is out of play.
0:05 of 2nd period - Nicklas Backstrom wins face-off versus Mika Zibanejad in Canucks zone.
0:06 of 2nd period - Slapshot by Vladimir Tarasenko.
0:06 of 2nd period - Shot Blocked by Dan Hamhuis.
0:18 of 2nd period - Snap shot by Vladimir Tarasenko.
0:18 of 2nd period - Stopped by Peter Budaj with a rebound.
0:24 of 2nd period - Alex Goligoski is hit by Mika Zibanejad.
0:28 of 2nd period - Wrist shot by Gustav Nyquist.
0:28 of 2nd period - Stopped by Keith Kinkaid with a rebound.
0:30 of 2nd period - Backhand shot by Mika Zibanejad.
0:30 of 2nd period - Shot Blocked by Karl Alzner.
1:09 of 2nd period - Johnny Oduya is hit by Nicklas Backstrom.
1:29 of 2nd period - Mika Zibanejad is hit by Karl Alzner.
1:41 of 2nd period - Slapshot by Mika Zibanejad.
1:41 of 2nd period - Stopped by Keith Kinkaid with a rebound.
1:49 of 2nd period - Snap shot by Mika Zibanejad.
1:49 of 2nd period - Shot Misses the Net.
1:51 of 2nd period - Slapshot by Johnny Oduya.
1:51 of 2nd period - Stopped by Keith Kinkaid without a rebound.
1:52 of 2nd period - Ryan Getzlaf wins face-off versus Radek Faksa in Islanders zone.
1:53 of 2nd period - Snap shot by Blake Wheeler.
1:53 of 2nd period - Stopped by Keith Kinkaid without a rebound.
1:54 of 2nd period - Ryan Getzlaf wins face-off versus Radek Faksa in Islanders zone.
1:55 of 2nd period - Wrist shot by Blake Wheeler.
1:55 of 2nd period - Shot Blocked by Radek Faksa.
2:03 of 2nd period - Slapshot by Brandon Saad.
2:03 of 2nd period - Shot Misses the Net.
2:05 of 2nd period - Snap shot by Brandon Saad.
2:05 of 2nd period - Stopped by Peter Budaj with a rebound.
2:07 of 2nd period - Snap shot by James Neal.
2:07 of 2nd period - Stopped by Peter Budaj with a rebound.
2:09 of 2nd period - Wrist shot by Radek Faksa.
2:09 of 2nd period - Shot Misses the Net.
2:19 of 2nd period - Jesper Fast is hit by Oscar Klefbom.
2:25 of 2nd period - Snap shot by Tyler Bozak.
2:25 of 2nd period - Stopped by Peter Budaj with a rebound.
2:30 of 2nd period - Off-side.
2:31 of 2nd period - Radek Faksa wins face-off versus Derek Ryan in neutral zone.
2:36 of 2nd period - Snap shot by James Neal.
2:36 of 2nd period - Shot Misses the Net.
2:41 of 2nd period - Off-side.
2:42 of 2nd period - Radek Faksa wins face-off versus Ryan Getzlaf in neutral zone.
2:57 of 2nd period - James van Riemsdyk is hit by James Neal and loses puck.
3:44 of 2nd period - Slapshot by Jordan Martinook.
3:44 of 2nd period - Stopped by Keith Kinkaid with a rebound.
3:59 of 2nd period - Icing by Johnny Oduya.
4:00 of 2nd period - Brandon Sutter wins face-off versus Nicklas Backstrom in Canucks zone.
4:09 of 2nd period - Snap shot by James van Riemsdyk.
4:09 of 2nd period - Deflect By Ryan Getzlaf.
4:09 of 2nd period - Shot Blocked by Ryan Murray.
4:09 of 2nd period - Puck is out of play.
4:10 of 2nd period - Brandon Saad wins face-off versus Ryan Getzlaf in Islanders zone.
4:10 of 2nd period - Brandon Saad is hit by Ryan Getzlaf.
4:16 of 2nd period - Wrist shot by Brandon Saad.
4:16 of 2nd period - Stopped by Peter Budaj without a rebound.
4:17 of 2nd period - Ryan Getzlaf wins face-off versus Radek Faksa in Canucks zone.
4:25 of 2nd period - Off-side.
4:26 of 2nd period - Ryan Getzlaf wins face-off versus Tyler Bozak in neutral zone.
4:39 of 2nd period - Wrist shot by Mikhail Grigorenko.
4:39 of 2nd period - Shot Blocked by Erik Johnson.
4:53 of 2nd period - Erik Johnson is hit by James Neal and loses puck.
5:00 of 2nd period - Snap shot by James Neal.
5:00 of 2nd period - Stopped by Peter Budaj with a rebound.
5:18 of 2nd period - Snap shot by Vladimir Tarasenko.
5:18 of 2nd period - Shot Misses the Net.
5:50 of 2nd period - Alex Goligoski is hit by Dan Hamhuis and loses puck.
5:57 of 2nd period - Snap shot by Blake Wheeler.
5:57 of 2nd period - Shot Misses the Net.
5:59 of 2nd period - Wrist shot by Ryan Getzlaf.
5:59 of 2nd period - Stopped by Keith Kinkaid without a rebound.
6:00 of 2nd period - Mika Zibanejad wins face-off versus Brandon Saad in Islanders zone.
6:05 of 2nd period - Slapshot by Mika Zibanejad.
6:05 of 2nd period - Stopped by Keith Kinkaid without a rebound.
6:06 of 2nd period - Radek Faksa wins face-off versus Mika Zibanejad in Islanders zone.
6:06 of 2nd period - Radek Faksa is hit by Dan Hamhuis.
6:32 of 2nd period - Jesper Fast is hit by Ryan Getzlaf and loses puck.
7:06 of 2nd period - Brandon Sutter is hit by Vladimir Tarasenko and loses puck.
7:23 of 2nd period - James Neal is hit by Derek Ryan and loses puck.
8:40 of 2nd period - Jordan Martinook is hit by Nicklas Backstrom and loses puck.
10:07 of 2nd period - Wrist shot by Blake Wheeler.
10:07 of 2nd period - Shot Misses the Net.
10:09 of 2nd period - Wrist shot by Blake Wheeler.
10:09 of 2nd period - Stopped by Keith Kinkaid without a rebound.
10:10 of 2nd period - Ryan Getzlaf wins face-off versus Radek Faksa in Islanders zone.
10:13 of 2nd period - Wrist shot by Ryan Getzlaf.
10:13 of 2nd period - Stopped by Keith Kinkaid with a rebound.
10:15 of 2nd period - Snap shot by Ryan Getzlaf.
10:15 of 2nd period - Stopped by Keith Kinkaid without a rebound.
10:16 of 2nd period - Blake Wheeler wins face-off versus Radek Faksa in Islanders zone.
10:53 of 2nd period - Slapshot by Brandon Saad.
10:53 of 2nd period - Shot Misses the Net.
11:42 of 2nd period - Snap shot by Derek Ryan.
11:42 of 2nd period - Stopped by Keith Kinkaid with a rebound.
14:08 of 2nd period - Wrist shot by Derek Ryan.
14:08 of 2nd period - Shot Misses the Net.
14:14 of 2nd period - Pierre-Edouard Bellemare is hit by Will Butcher and loses puck.
15:01 of 2nd period - Off-side.
15:02 of 2nd period - Ryan Getzlaf wins face-off versus Nicklas Backstrom in neutral zone.
15:31 of 2nd period - Backhand shot by Brandon Saad.
15:31 of 2nd period - Deflect By James Neal.
15:31 of 2nd period - Stopped by Peter Budaj without a rebound.
15:32 of 2nd period - James Neal wins face-off versus Mika Zibanejad in Canucks zone.
15:41 of 2nd period - Wrist shot by Gustav Nyquist.
15:41 of 2nd period - Stopped by Keith Kinkaid without a rebound.
15:42 of 2nd period - Nicklas Backstrom wins face-off versus Mika Zibanejad in Islanders zone.
16:11 of 2nd period - Wrist shot by Blake Wheeler.
16:11 of 2nd period - Stopped by Keith Kinkaid without a rebound.
16:12 of 2nd period - Radek Faksa wins face-off versus Ryan Getzlaf in Islanders zone.
17:14 of 2nd period - Snap shot by Ryan Getzlaf.
17:14 of 2nd period - Stopped by Keith Kinkaid without a rebound.
17:15 of 2nd period - Nicklas Backstrom wins face-off versus Mika Zibanejad in Islanders zone.
17:15 of 2nd period - Nicklas Backstrom is hit by Mika Zibanejad.
18:25 of 2nd period - Ryan Murray is hit by Gustav Nyquist and loses puck.
18:48 of 2nd period - Wrist shot by Gustav Nyquist.
18:48 of 2nd period - Stopped by Keith Kinkaid without a rebound.
18:49 of 2nd period - Ryan Getzlaf wins face-off versus Nicklas Backstrom in Islanders zone.
18:56 of 2nd period - Snap shot by Ryan Getzlaf.
18:56 of 2nd period - Stopped by Keith Kinkaid with a rebound.
19:39 of 2nd period - Wrist shot by Timo Meier.
19:39 of 2nd period - Stopped by Peter Budaj without a rebound.
19:40 of 2nd period - Derek Ryan wins face-off versus Chris Mueller in Canucks zone.
19:59 of 2nd period - Timo Meier is hit by Tom Pyatt and loses puck.
Goals for this period are 0 for Canucks vs 0 for Islanders.
Shots for this period are 16 for Canucks vs 8 for Islanders.

3rd period


0:01 of 3rd period - Nicklas Backstrom wins face-off versus Ryan Getzlaf in neutral zone.
0:17 of 3rd period - Icing by Matt Dumba.
0:18 of 3rd period - Nicklas Backstrom wins face-off versus Mika Zibanejad in Islanders zone.
0:32 of 3rd period - Minor Penalty to Alex Tuch for Hooking.
0:33 of 3rd period - Nicklas Backstrom wins face-off versus Brandon Sutter in Canucks zone.
1:05 of 3rd period - Wrist shot by Brandon Saad.
1:05 of 3rd period - Goal by Brandon Saad - Canucks : 2 - Islanders : 1.
1:06 of 3rd period - Nicklas Backstrom wins face-off versus Ryan Getzlaf in neutral zone.
1:55 of 3rd period - Snap shot by Chris Mueller.
1:55 of 3rd period - Stopped by Peter Budaj with a rebound.
2:05 of 3rd period - Will Butcher is hit by James van Riemsdyk and loses puck.
2:38 of 3rd period - Snap shot by Blake Wheeler.
2:38 of 3rd period - Stopped by Keith Kinkaid without a rebound.
2:39 of 3rd period - Radek Faksa wins face-off versus Mika Zibanejad in Islanders zone.
2:39 of 3rd period - Radek Faksa is hit by Mika Zibanejad.
2:50 of 3rd period - Off-side.
2:51 of 3rd period - Nicklas Backstrom wins face-off versus Mika Zibanejad in neutral zone.
3:24 of 3rd period - Wrist shot by James Neal.
3:24 of 3rd period - Stopped by Peter Budaj with a rebound.
3:49 of 3rd period - Off-side.
3:50 of 3rd period - Kyle Palmieri wins face-off versus Mika Zibanejad in neutral zone.
3:55 of 3rd period - Wrist shot by Mika Zibanejad.
3:55 of 3rd period - Stopped by Keith Kinkaid with a rebound.
3:57 of 3rd period - Slapshot by Oscar Klefbom.
3:57 of 3rd period - Shot Blocked by Jake Gardiner.
3:59 of 3rd period - Snap shot by Alex Tuch.
3:59 of 3rd period - Shot Misses the Net.
4:01 of 3rd period - Slapshot by Oscar Klefbom.
4:01 of 3rd period - Stopped by Keith Kinkaid without a rebound.
4:02 of 3rd period - Mika Zibanejad wins face-off versus Radek Faksa in Islanders zone.
4:27 of 3rd period - Alex Goligoski is hit by James van Riemsdyk and loses puck.
4:58 of 3rd period - Wrist shot by Tom Pyatt.
4:58 of 3rd period - Deflect By Pierre-Edouard Bellemare.
4:58 of 3rd period - Shot Blocked by Ryan Murray.
4:58 of 3rd period - Puck is out of play.
4:59 of 3rd period - Radek Faksa wins face-off versus Mika Zibanejad in Islanders zone.
5:09 of 3rd period - Karl Alzner is hit by Mika Zibanejad and loses puck.
5:49 of 3rd period - Oscar Klefbom is hit by Timo Meier and loses puck.
6:15 of 3rd period - Icing by Vladimir Tarasenko.
6:16 of 3rd period - Mika Zibanejad wins face-off versus Vladimir Tarasenko in Islanders zone.
6:30 of 3rd period - Off-side.
6:31 of 3rd period - Ryan Getzlaf wins face-off versus Radek Faksa in neutral zone.
6:34 of 3rd period - Snap shot by James van Riemsdyk.
6:34 of 3rd period - Stopped by Keith Kinkaid with a rebound.
6:36 of 3rd period - Snap shot by Erik Johnson.
6:36 of 3rd period - Stopped by Keith Kinkaid with a rebound.
6:38 of 3rd period - Wrist shot by Ryan Getzlaf.
6:38 of 3rd period - Stopped by Keith Kinkaid with a rebound.
8:03 of 3rd period - Snap shot by Gustav Nyquist.
8:03 of 3rd period - Shot Misses the Net.
8:05 of 3rd period - Snap shot by Gustav Nyquist.
8:05 of 3rd period - Shot Misses the Net.
9:02 of 3rd period - Wrist shot by James Neal.
9:02 of 3rd period - Stopped by Peter Budaj with a rebound.
9:20 of 3rd period - Wrist shot by Brandon Saad.
9:20 of 3rd period - Stopped by Peter Budaj with a rebound.
9:42 of 3rd period - Snap shot by Blake Wheeler.
9:42 of 3rd period - Shot Misses the Net.
10:31 of 3rd period - Snap shot by Blake Wheeler.
10:31 of 3rd period - Stopped by Keith Kinkaid with a rebound.
10:37 of 3rd period - Slapshot by Ryan Getzlaf.
10:37 of 3rd period - Stopped by Keith Kinkaid without a rebound.
10:38 of 3rd period - Mika Zibanejad wins face-off versus Nicklas Backstrom in Islanders zone.
10:45 of 3rd period - Snap shot by Gustav Nyquist.
10:45 of 3rd period - Shot Blocked by Kyle Palmieri.
10:47 of 3rd period - Snap shot by Gustav Nyquist.
10:47 of 3rd period - Shot Misses the Net.
10:49 of 3rd period - Snap shot by Dan Hamhuis.
10:49 of 3rd period - Deflect By Nicklas Backstrom.
10:49 of 3rd period - Stopped by Keith Kinkaid without a rebound.
10:50 of 3rd period - Tyler Bozak wins face-off versus Mika Zibanejad in Islanders zone.
10:54 of 3rd period - Off-side.
10:55 of 3rd period - Mika Zibanejad wins face-off versus Tyler Bozak in neutral zone.
11:29 of 3rd period - Minor Penalty to Johnny Oduya for Hooking.
11:30 of 3rd period - Nicklas Backstrom wins face-off versus Brandon Sutter in Canucks zone.
11:31 of 3rd period - Snap shot by Kyle Palmieri.
11:31 of 3rd period - Shot Blocked by Thomas Hickey.
12:45 of 3rd period - Pierre-Edouard Bellemare is hit by Tyler Bozak and loses puck.
13:29 of 3rd period - Penalty to Johnny Oduya is over, Johnny Oduya is back on ice.
14:02 of 3rd period - Karl Alzner is hit by Gustav Nyquist and loses puck.
15:24 of 3rd period - Kyle Palmieri is hit by Ryan Getzlaf and loses puck.
15:45 of 3rd period - Slapshot by Tyler Bozak.
15:45 of 3rd period - Stopped by Peter Budaj with a rebound.
16:14 of 3rd period - Snap shot by Jordan Martinook.
16:14 of 3rd period - Stopped by Keith Kinkaid with a rebound.
16:37 of 3rd period - Backhand shot by Blake Wheeler.
16:37 of 3rd period - Stopped by Keith Kinkaid with a rebound.
16:39 of 3rd period - Snap shot by Blake Wheeler.
16:39 of 3rd period - Shot Misses the Net.
17:51 of 3rd period - Tom Pyatt is hit by Jesper Fast and loses puck.
18:08 of 3rd period - Jesper Fast is hit by Erik Johnson and loses puck.
18:29 of 3rd period - Johnny Oduya is hit by Will Butcher.
18:33 of 3rd period - Tyler Bozak is hit by Pierre-Edouard Bellemare and loses puck.
19:00 of 3rd period - Snap shot by Derek Ryan.
19:00 of 3rd period - Shot Blocked by Mikhail Grigorenko.
19:02 of 3rd period - Slapshot by Thomas Hickey.
19:02 of 3rd period - Stopped by Keith Kinkaid without a rebound.
19:03 of 3rd period - Davis Payne call a timeout for Islanders.
19:03 of 3rd period - Nicklas Backstrom wins face-off versus Ryan Getzlaf in Islanders zone.
19:14 of 3rd period - Islanders, Keith Kinkaid is pulled from the net.
19:16 of 3rd period - Snap shot by Vladimir Tarasenko.
19:16 of 3rd period - Shot Misses the Net.
19:18 of 3rd period - Wrist shot by Alex Goligoski.
19:18 of 3rd period - Goal by Alex Goligoski - Canucks : 2 - Islanders : 2.
19:18 of 3rd period - Keith Kinkaid from Islanders was sent back in the game.
19:19 of 3rd period - Brandon Sutter wins face-off versus Brandon Saad in neutral zone.
19:55 of 3rd period - Backhand shot by James van Riemsdyk.
19:55 of 3rd period - Shot Misses the Net.
Goals for this period are 0 for Canucks vs 2 for Islanders.
Shots for this period are 12 for Canucks vs 7 for Islanders.

Overtime #1


0:01 of 1st overtime period - Nicklas Backstrom wins face-off versus Mika Zibanejad in neutral zone.
0:05 of 1st overtime period - Off-side.
0:06 of 1st overtime period - Mika Zibanejad wins face-off versus Nicklas Backstrom in neutral zone.
0:37 of 1st overtime period - Wrist shot by James Neal.
0:37 of 1st overtime period - Stopped by Peter Budaj without a rebound.
0:38 of 1st overtime period - James Neal wins face-off versus Mika Zibanejad in Canucks zone.
1:03 of 1st overtime period - Vladimir Tarasenko is hit by Erik Johnson and loses puck.
1:33 of 1st overtime period - Off-side.
1:34 of 1st overtime period - Radek Faksa wins face-off versus Brandon Sutter in neutral zone.
1:41 of 1st overtime period - Snap shot by Brandon Saad.
1:41 of 1st overtime period - Shot Misses the Net.
2:09 of 1st overtime period - Snap shot by Gustav Nyquist.
2:09 of 1st overtime period - Shot Misses the Net.
2:11 of 1st overtime period - Snap shot by Gustav Nyquist.
2:11 of 1st overtime period - Stopped by Keith Kinkaid without a rebound.
2:12 of 1st overtime period - Mika Zibanejad wins face-off versus Nicklas Backstrom in Islanders zone.
2:23 of 1st overtime period - Slapshot by Vladimir Tarasenko.
2:23 of 1st overtime period - Shot Misses the Net.
3:06 of 1st overtime period - Charles McAvoy is hit by Vladimir Tarasenko and loses puck.
3:28 of 1st overtime period - Ryan Getzlaf is hit by Brandon Saad and loses puck.
4:55 of 1st overtime period - Snap shot by Brandon Sutter.
4:55 of 1st overtime period - Stopped by Keith Kinkaid with a rebound.
Goals for this period are 0 for Canucks vs 0 for Islanders.
Shots for this period are 2 for Canucks vs 1 for Islanders.

ShootOut


5:00 of 1st overtime period - Penalty Shot by Tom Pyatt for Canucks.
5:00 of 1st overtime period - Wrist shot by Tom Pyatt.
5:00 of 1st overtime period - Goal by Tom Pyatt.
5:00 of 1st overtime period - Penalty Shot by Nicklas Backstrom for Islanders.
5:00 of 1st overtime period - Deke by Nicklas Backstrom.
5:00 of 1st overtime period - Shot Misses the Net.
5:00 of 1st overtime period - Penalty Shot by Blake Wheeler for Canucks.
5:00 of 1st overtime period - Deke by Blake Wheeler.
5:00 of 1st overtime period - Stopped by Keith Kinkaid.
5:00 of 1st overtime period - Penalty Shot by Vladimir Tarasenko for Islanders.
5:00 of 1st overtime period - Deke by Vladimir Tarasenko.
5:00 of 1st overtime period - Goal by Vladimir Tarasenko.
5:00 of 1st overtime period - Penalty Shot by James van Riemsdyk for Canucks.
5:00 of 1st overtime period - Backhand shot by James van Riemsdyk.
5:00 of 1st overtime period - Stopped by Keith Kinkaid.
5:00 of 1st overtime period - Penalty Shot by Kyle Palmieri for Islanders.
5:00 of 1st overtime period - Deke by Kyle Palmieri.
5:00 of 1st overtime period - Stopped by Peter Budaj.
5:00 of 1st overtime period - Penalty Shot by Mika Zibanejad for Canucks.
5:00 of 1st overtime period - Deke by Mika Zibanejad.
5:00 of 1st overtime period - Stopped by Keith Kinkaid.
5:00 of 1st overtime period - Penalty Shot by James Neal for Islanders.
5:00 of 1st overtime period - Wrist shot by James Neal.
5:00 of 1st overtime period - Shot Misses the Net.
5:00 of 1st overtime period - Penalty Shot by Gustav Nyquist for Canucks.
5:00 of 1st overtime period - Snap shot by Gustav Nyquist.
5:00 of 1st overtime period - Goal by Gustav Nyquist.
5:00 of 1st overtime period - Penalty Shot by Brandon Saad for Islanders.
5:00 of 1st overtime period - Backhand shot by Brandon Saad.
5:00 of 1st overtime period - Goal by Brandon Saad.
5:00 of 1st overtime period - Penalty Shot by Thomas Hickey for Canucks.
5:00 of 1st overtime period - Deke by Thomas Hickey.
5:00 of 1st overtime period - Goal by Thomas Hickey.
5:00 of 1st overtime period - Penalty Shot by Tyler Bozak for Islanders.
5:00 of 1st overtime period - Backhand shot by Tyler Bozak.
5:00 of 1st overtime period - Stopped by Peter Budaj.